 Dungeon Crawl Stone Soup version 0.31-a0-369-g8eba5f6939 (webtiles) character file.

Game seed: 6641136730837449321

36219 Sabo the Cleaver (level 13, -3/110 HPs)
             Began as a Demonspawn Fighter on July 25, 2023.
             Was the Champion of Qazlal.
             Killed from afar by a guardian serpent (4 damage)
             ... with a bolt of poison
             ... on level 5 of the Lair of Beasts on July 28, 2023.
             The game lasted 01:30:50 (14524 turns).

Sabo the Cleaver (Demonspawn Fighter)              Turns: 14524, Time: 01:30:51

Health: -3/110     AC: 21    Str: 24    XL:     13   Next: 51%
Magic:  13/13      EV: 17    Int:  8    God:    Qazlal [******]
Gold:   568        SH:  8    Dex: 29    Spells: 12/12 levels left

rFire   + + .        M - +8 frozen axe "Frostbite" {freeze, freezing cloud, *Noise Fly rC+}
rCold   + + +        (shield currently unavailable)
rNeg    . . .        n - +3 ring mail of the Holding Gods {rElec rF+ rC+ Dex+3}
rPois   +            c - +1 helmet
rElec   +            s - +2 cloak
rCorr   +            (gloves unavailable)
SInv    +            b - +2 pair of boots
Will    +....        a - amulet of the acrobat
Stlth   +            h - +6 ring of strength
HPRegen 1.18/turn    g - +6 ring of dexterity
MPRegen 0.13/turn

%: repel missiles, acrobat
@: mighty, lethally poisoned (-3 -> -3), resistant, flying
A: claws 3, rugged brown scales 3, foul stench 2, powered by pain 1, demonic
willpower, see invisible, agile 1, regeneration 1
a: Renounce Religion, Upheaval, Elemental Force, Disaster Area


You were on level 5 of the Lair of Beasts.
You worshipped Qazlal.
Qazlal was exalted by your worship.
You visited 3 branches of the dungeon, and saw 15 of its levels.
You also visited: Ossuary.

You collected 719 gold pieces.
You spent 151 gold pieces at shops.

Inventory:

Hand Weapons
 p - the +10 dagger "Dogap" {speed, +Blink}
   (You found it on level 2 of the Lair of Beasts)

   +Blink:    It lets you blink.
 y - a +0 orcbow
 F - a +4 scimitar of freezing
 H - the +8 mace of Vavic {elec, Int+3}
   (You found it on level 1 of the Lair of Beasts)

   Int:       It affects your intelligence (+3).
 I - a +5 halberd
 J - a +4 battleaxe
 M - the +8 frozen axe "Frostbite" (weapon) {freeze, freezing cloud, *Noise Fly rC+}
   (You found it on level 8 of the Dungeon)

   rC:        It protects you from cold.
   Fly:       It grants you flight.
   *Noise:    It may make noises in combat.
Missiles
 e - 24 poisoned darts
 j - 6 curare-tipped darts
 l - 3 javelins (quivered)
 r - 15 boomerangs
 G - 3 atropa-tipped darts
Armour
 b - a +2 pair of boots (worn)
 c - a +1 helmet (worn)
 n - the +3 ring mail of the Holding Gods (worn) {rElec rF+ rC+ Dex+3}
   (You found it on level 3 of the Dungeon)

   Dex:       It affects your dexterity (+3).
   rF:        It protects you from fire.
   rC:        It protects you from cold.
   rElec:     It insulates you from electricity.
 s - a +2 cloak (worn)
Jewellery
 a - an amulet of the acrobat (around neck)
 g - a +6 ring of dexterity (right claw)
 h - a +6 ring of strength (left claw)
 x - a +6 ring of intelligence
 L - a ring of see invisible
 O - a ring of ice
 P - an amulet of guardian spirit
Wands
 o - a wand of mindburst (6)
 u - a wand of flame (43)
 E - a wand of digging (7)
 N - a wand of polymorph (4)
 Q - a wand of iceblast (6)
 R - a wand of paralysis (7)
Scrolls
 i - 4 scrolls of teleportation
 t - 2 scrolls of silence
 B - a scroll of summoning
 C - a scroll of revelation
 K - a scroll of poison
Potions
 d - 2 potions of might
 f - 5 potions of enlightenment
 m - 2 potions of invisibility
 v - a potion of magic
 w - a potion of resistance
 z - 4 potions of haste
 A - a potion of degeneration {unknown}
 D - a potion of ambrosia {unknown}


   Skills:
 + Level 9.9 Fighting
 + Level 14.9(15.1) Axes
 + Level 2.7(10.1) Maces & Flails
 + Level 8.0 Armour
 + Level 6.3 Dodging
 + Level 4.1 Stealth
 + Level 8.4 Shields


You had 12 spell levels left.
You didn't know any spells.
Your spell library contained the following spells:

 Spells                   Type           Power      Damage    Failure   Level
 Ignite Poison            Fire/Tmut/Pois 0%         N/A       88%         3
 Summon Guardian Golem    Hex/Summ       0%         N/A       88%         3
 Sticky Flame             Conj/Fire      0%         2d3       99%         4
 Orb of Destruction       Conj           0%         9d5       100%        7
 Spellforged Servitor     Conj/Summ      0%         N/A       100%        7
 Ignition                 Fire           0%         3d3       100%        8


Dungeon Overview and Level Annotations

Branches:
Dungeon (9/15)             Temple (1/1) D:4            Lair (5/5) D:8
 Shoals (0/4) Lair:3        Snake (0/4) Lair:3        Slime (0/5) Lair:4
    Orc (0/2) D:9         Ossuary (visited)

Altars:
Ashenzari
Cheibriados
Dithmenos
Fedhas
Gozag
Hepliaklqana
Kikubaaqudgha
Makhleb
Nemelex Xobeh
Okawaru
Qazlal
Ru
Sif Muna
Trog
Uskayaw
Vehumet
Wu Jian
Xom
Yredelemnul

Shops:
D:2 ?   D:4 ?   D:6 *


Innate Abilities, Weirdness & Mutations

You have claws for hands.
You are completely covered in rugged brown scales. (AC +3, +7% HP)
You sometimes emit foul miasma when damaged in melee.
You sometimes gain a little power by taking damage.
You punish those that try to bend your will. (Will+)
You have supernaturally acute eyesight. (SInv)
You are agile. (Dex +4, Str/Int -1)
Your natural rate of healing is unusually fast.


Message History

The wolf spider bites you but does no damage.
Unknown command.
You slice the wolf spider!! You freeze the wolf spider!
You kill the wolf spider!
Qazlal accepts your kill.
You see here a cane toad corpse.
You hear a shout!
You start resting.
You feel a little less mighty now.
You start resting.
You hear a shout!
Your protection from physical attacks is fading.
You start resting.
You feel less protected from physical attacks.
You start resting.
You hear a shout!
A guardian serpent comes into view.
The guardian serpent casts a spell at you.
The bolt of poison hits you!!
You are poisoned.
* * * LOW HITPOINT WARNING * * *
You focus on the pain.
You feel very mighty all of a sudden.
* * * LOW HITPOINT WARNING * * *
You feel very sick.
It was a potion of resistance.
You feel protected.
* * * LOW HITPOINT WARNING * * *
You feel sick.
You slice the guardian serpent!! You freeze the guardian serpent.
The guardian serpent is severely wounded.
* * * LOW HITPOINT WARNING * * *
You feel sick. The guardian serpent misses you.
The guardian serpent hits you but does no damage.
It was a potion of mutation.
You feel extremely strange.
You begin to heal more quickly.
You feel agile.
Your vision sharpens.
You feel sick.
The guardian serpent casts a spell at you.
The bolt of poison hits you. You resist.
You die...

....†††......##
..............#
#..#.....#....
..<.#....###..
...........#.#
.F..#.......)###
..§............###
.......††...#
....††.††°S@#
.......††○###
.....P..#.#
......###...
....## ...## P...
..## ... ..## ..


You could see a guardian serpent.

Vanquished Creatures
  Snorg (Lair:4)
  4 hydras (Lair:5)
  A boulder beetle (Lair:5)
  Nergalle (Lair:1)
  Sonja (Lair:5)
  2 harpies (Lair:3)
  A wolf spider (Lair:5)
  Joseph (Lair:1)
  6 elephants (Lair:4)
  3 black mambas
  12 cane toads
  4 komodo dragons
  An ice devil (D:8)
  2 freezing wraiths (D:8)
  2 polar bears
  A hornet (D:8)
  11 blink frogs
  A slime creature (Lair:1)
  Eustachio (D:5)
  44 yaks
  11 wyverns
  2 basilisks
  2 steam dragons
  A redback (Lair:5)
  4 nagas (Lair:3)
  22 water moccasins
  4 black bears
  An orc warrior (D:8)
  2 ice beasts (D:5)
  3 ogres
  5 wolves (Lair:4)
  5 centaurs
  Blork the orc (D:5)
  2 elf zombies (Ossuary)
  16 bullfrogs
  A kobold brigand (D:7)
  A wyvern zombie (D:7)
  2 elf skeletons (D:6)
  5 scorpions
  20 wights
  An electric eel (D:9)
  A bullfrog zombie (D:7)
  5 centaur zombies
  3 hounds
  2 human zombies (Ossuary)
  12 jellies
  3 orc priests
  A sleepcap (D:6)
  3 human skeletons (D:6)
  4 iguanas
  Ijyb (D:3)
  7 orc wizards
  3 hound zombies (Ossuary)
  3 mummies (Ossuary)
  4 howler monkey zombies (D:7)
  3 gnolls (D:4)
  6 adders
  2 shadow imps
  8 white imps
  An ufetubus (D:5)
  2 adder zombies (Ossuary)
  4 dart slugs
  24 orcs
  4 bats
  21 endoplasms
  5 giant cockroaches
  5 goblins
  3 hobgoblins
  6 jackals
  10 kobolds
  8 quokkas
  5 ball pythons
  A frilled lizard (D:2)
  A goblin zombie (Ossuary)
  3 hobgoblin zombies (Ossuary)
  3 jackal zombies (Ossuary)
  8 kobold zombies (Ossuary)
  An orc skeleton (D:6)
  2 orc zombies (Ossuary)
  2 quokka zombies (Ossuary)
  10 rats
  7 rat zombies (Ossuary)
418 creatures vanquished.

Vanquished Creatures (collateral kills)
  A black mamba (Lair:5)
  2 komodo dragons (Lair:5)
  3 blink frogs (Lair:5)
  A yak (Lair:5)
7 creatures vanquished.

Vanquished Creatures (others)
  A human (D:7)
  An orc (D:8)
2 creatures vanquished.

Grand Total: 427 creatures vanquished

Notes
Turn   | Place    | Note
-------+----------+-------------------------------------------
     0 | D:1      | Sabo the Demonspawn Fighter began the quest for the Orb.
     0 | D:1      | Reached XP level 1. HP: 18/18 MP: 1/1
   191 | D:1      | Gained mutation: You may rarely emit foul miasma when
                  | damaged in melee. [demonic ancestry]
   191 | D:1      | Reached XP level 2. HP: 24/24 MP: 2/2
   349 | D:1      | Reached skill level 2 in Axes
   375 | D:1      | Gained mutation: You have sharp fingernails. [demonic
                  | ancestry]
   375 | D:1      | Reached XP level 3. HP: 17/29 MP: 3/3
   858 | D:2      | Reached skill level 5 in Fighting
   858 | D:2      | Reached skill level 4 in Axes
   858 | D:2      | Reached skill level 5 in Armour
   858 | D:2      | Reached XP level 4. HP: 39/39 MP: 4/4
  1182 | D:2      | Found Zoonurch's Magic Scroll Shop.
  1488 | D:2      | Bought a scroll of brand weapon for 123 gold pieces
  1762 | D:3      | Identified the +3 ring mail of the Holding Gods {rElec rF+
                  | rC+ Dex+3}
  1795 | D:3      | Found an iron altar of Okawaru.
  1980 | D:3      | Gained mutation: You are partially covered in rugged brown
                  | scales. (AC +1, +3% HP) [demonic ancestry]
  1980 | D:3      | Reached XP level 5. HP: 39/45 MP: 5/5
  2009 | D:3      | Noticed Ijyb
  2018 | D:3      | Killed Ijyb
  2262 | D:4      | Found a radiant altar of Vehumet.
  2413 | D:4      | Found a staircase to the Ecumenical Temple.
  2458 | Temple   | Entered the Ecumenical Temple
  2472 | Temple   | Became a worshipper of Qazlal Stormbringer
  2526 | D:4      | Found Heubrukk's Magic Scroll Shoppe.
  2530 | D:4      | Bought a scroll of identify for 28 gold pieces
  2712 | D:4      | Noticed an ogre
  2729 | D:4      | Killed an ogre
  2730 | D:4      | Reached XP level 6. HP: 31/52 MP: 6/6
  2773 | D:4      | Reached skill level 5 in Axes
  2851 | D:4      | Reached skill level 5 in Shields
  2887 | D:4      | Gained mutation: You have very sharp fingernails. [demonic
                  | ancestry]
  2887 | D:4      | Reached XP level 7. HP: 56/57 MP: 7/7
  3153 | D:5      | Entered Level 5 of the Dungeon
  3234 | D:5      | Reached * piety under Qazlal
  3321 | D:5      | Noticed Blork the orc
  3328 | D:5      | Killed Blork the orc
  3577 | D:5      | Noticed Eustachio
  3643 | D:5      | Gained mutation: You sometimes emit foul miasma when
                  | damaged in melee. [demonic ancestry]
  3643 | D:5      | Reached XP level 8. HP: 26/64 MP: 8/8
  3670 | D:5      | Killed Eustachio
  3671 | D:5      | Reached skill level 6 in Axes
  4090 | D:5      | Upgraded the game from 0.31-a0-355-g57cb03d3e8 to
                  | 0.31-a0-358-gac0dbeb3ab
  4436 | D:6      | Found a sand-covered staircase.
  4462 | Ossuary  | Entered an ossuary
  4519 | Ossuary  | Reached ** piety under Qazlal
  4585 | Ossuary  | Reached skill level 1 in Maces & Flails
  5023 | D:6      | Found Zin's Purification Station.
  5125 | D:6      | Gained mutation: You have claws for hands. [demonic
                  | ancestry]
  5125 | D:6      | Reached XP level 9. HP: 71/71 MP: 9/9
  5251 | D:6      | Reached *** piety under Qazlal
  5252 | D:6      | Reached skill level 7 in Axes
  5580 | D:6      | Found a hazy altar of Hepliaklqana.
  6019 | D:7      | Found a burning altar of Makhleb.
  6644 | D:7      | Reached **** piety under Qazlal
  6943 | D:7      | Found an ancient bone altar of Kikubaaqudgha.
  7157 | D:8      | Reached skill level 8 in Axes
  7164 | D:8      | Gained mutation: You sometimes gain a little power by
                  | taking damage. [demonic ancestry]
  7164 | D:8      | Reached XP level 10. HP: 34/79 MP: 10/10
  7606 | D:8      | Found a shadowy altar of Dithmenos.
  7817 | D:8      | Found a snail-covered altar of Cheibriados.
  8190 | D:8      | Found a broken altar of Ashenzari.
  8190 | D:8      | Found an opulent altar of Gozag.
  8191 | D:8      | Found a bloodstained altar of Trog.
  8191 | D:8      | Found a sacrificial altar of Ru.
  8293 | D:8      | Reached skill level 9 in Axes
  8293 | D:8      | Reached skill level 5 in Dodging
  8521 | D:8      | Found the +8 frozen axe "Frostbite" {freeze, freezing
                  | cloud, *Noise Fly rC+}
  8686 | D:8      | Upgraded the game from 0.31-a0-358-gac0dbeb3ab to
                  | 0.31-a0-360-gb3e1d13bf4
  9118 | D:9      | Found an ornate altar of the Wu Jian Council.
  9220 | D:9      | Found a staircase to the Orcish Mines.
  9305 | D:9      | Found a shimmering blue altar of Sif Muna.
  9890 | D:8      | Found a staircase to the Lair.
  9923 | Lair:1   | Entered Level 1 of the Lair of Beasts
  9927 | Lair:1   | Gained mutation: You are mostly covered in rugged brown
                  | scales. (AC +2, +5% HP) [demonic ancestry]
  9927 | Lair:1   | Reached XP level 11. HP: 81/88 MP: 11/11
 10016 | Lair:1   | Reached ***** piety under Qazlal
 10020 | Lair:1   | Noticed Nergalle
 10029 | Lair:1   | Killed Nergalle
 10055 | Lair:1   | Reached skill level 10 in Axes
 10654 | Lair:1   | Noticed Joseph
 10660 | Lair:1   | Killed Joseph
 10720 | Lair:1   | Identified the +8 mace of Vavic {elec, Int+3}
 10986 | Lair:1   | Upgraded the game from 0.31-a0-360-gb3e1d13bf4 to
                  | 0.31-a0-365-gcf821cafb2
 11320 | Lair:2   | Reached skill level 11 in Axes
 12128 | Lair:2   | Identified the +10 dagger "Dogap" {speed, +Blink}
 12563 | Lair:2   | Upgraded the game from 0.31-a0-365-gcf821cafb2 to
                  | 0.31-a0-369-g8eba5f6939
 12634 | Lair:3   | Gained mutation: You punish those that try to bend your
                  | will. (Will+) [demonic ancestry]
 12634 | Lair:3   | Reached XP level 12. HP: 62/98 MP: 12/12
 12944 | Lair:3   | Reached skill level 12 in Axes
 13139 | Lair:3   | Found a staircase to the Shoals.
 13358 | Lair:3   | Found a staircase to the Snake Pit.
 13544 | Lair:4   | Reached skill level 13 in Axes
 13619 | Lair:4   | Found a staircase to the Slime Pits.
 13671 | Lair:4   | Found a basalt altar of Yredelemnul.
 13682 | Lair:4   | Reached ****** piety under Qazlal
 13683 | Lair:4   | Noticed Snorg
 13692 | Lair:4   | Killed Snorg
 14089 | Lair:4   | Identified the +1 robe of Ennui {*Slow rF+ Str+4 Stlth+}
 14413 | Lair:5   | Entered Level 5 of the Lair of Beasts
 14413 | Lair:5   | Noticed a boulder beetle
 14425 | Lair:5   | Noticed a six-headed hydra
 14426 | Lair:5   | Noticed a six-headed hydra
 14428 | Lair:5   | Noticed Sonja
 14430 | Lair:5   | Noticed an eight-headed hydra
 14432 | Lair:5   | Gained mutation: You are completely covered in rugged brown
                  | scales. (AC +3, +7% HP) [demonic ancestry]
 14432 | Lair:5   | Reached XP level 13. HP: 41/108 MP: 13/13
 14434 | Lair:5   | Reached skill level 14 in Axes
 14446 | Lair:5   | HP: 2/109 [wyvern (9)]
 14462 | Lair:5   | Killed Sonja
 14521 | Lair:5   | HP: 4/110 [poisoned by a guardian serpent (bolt of poison)]
 14523 | Lair:5   | HP: 1/110 [poisoned by a guardian serpent (bolt of poison)]
 14524 | Lair:5   | Gained mutation: Your natural rate of healing is unusually
                  | fast. [potion of mutation]
 14524 | Lair:5   | Gained mutation: You are agile. (Dex +4, Str/Int -1)
                  | [potion of mutation]
 14524 | Lair:5   | Gained mutation: You have supernaturally acute eyesight.
                  | (SInv) [potion of mutation]
 14524 | Lair:5   | Killed from afar by a guardian serpent

Illustrated notes

Levels and vault maps discovered:
D:1:      dpeg_arrival_ratfight, layout_basic, serial_park_tiny_1, minivault_4
D:2:      layout_rooms, serial_shops, nicolae_shop_rolled_up,
          minmay_quadrilaterals
D:3:      layout_rooms, tso_metal_star, kennysheep_okawaru_gauntlet, uniq_ijyb
D:4:      nicolae_cairo_tiling_large_dashed, layout_loops_ring,
          vehumet_crystals, minmay_temple_entry_statues_fountains, serial_shops,
          shop
D:5:      layout_loops_ring, st_stairs_7, uniq_eustachio, uniq_blork_the_orc
D:6:      layout_loops_corners, zin_purify, nzn_hepliaklqana_mist_gate,
          nicolae_ossuary_entry_catacombs
D:7:      layout_loops_ring, mainiacjoe_overflow_catwalk, tgw_kikubaaqudgha,
          serial_undead, serial_undead_d, serial_undead_e, serial_undead_d,
          serial_undead_b, minmay_liquid_box
D:8:      layout_basic, chequers_temple_overflow_statue_of_worship,
          mainiacjoe_overflow_cross_hatched, general_overflow_altar,
          grunt_lair_entry_orc_guard_hut, hellmonk_guarded_unrand_frostbite
D:9:      layout_small_grid, mainiacjoe_overflow_paths,
          pdpol_wu_jian_five_deadly_venoms, nicolae_lava_and_water
Temple:   nicolae_temple_little_seven
Lair:1:   lemuel_slime, layout_loops_ring, grunt_megastairs_4,
          serial_bayou_shore_a, serial_bayou_shore_b, uniq_nergalle, uniq_joseph
Lair:2:   layout_cave_pods
Lair:3:   layout_big_grid, nicolae_shoals_entry_roost,
          minmay_snake_entry_guardpost_small
Lair:4:   layout_regular_city, slime_entry_1, basic_altar, grunt_megastairs_1,
          uniq_snorg
Lair:5:   guppyfry_lair_end_dragon, layout_gridlike,
          hangedman_lair_tendril_chambers, grunt_forest_small_clearings,
          tgw_fedhas, uniq_sonja, uniq_rupert

Skill      XL: |  1  2  3  4  5  6  7  8  9 10 11 12 13 |
---------------+----------------------------------------+-----
Armour         | 3 5 6 7 8 |  8.0
Shields        | 3 4 5 6 7 8 |  8.4
Axes           | 2 4 5 6 8 9 11 13 14 | 14.9
Fighting       | 5 6 7 8 9 |  9.9
Dodging        | 3 4 5 6 |  6.3
Stealth        | 3 4 |  4.1
Maces & Flails | 2 |  2.7

Action                     |  1- 3 |  4- 6 |  7- 9 | 10-12 | 13-15 || total
---------------------------+-------+-------+-------+-------+-------++-------
  Melee: War axe           |    70 |   128 |   337 |    34 |       ||   569
         Club              |       |       |   149 |       |       ||   149
         Battleaxe         |       |       |       |    51 |       ||    51
         Executioner's axe |       |       |       |   227 |    27 ||   254
    Use: Scroll            |     3 |     3 |     4 |    12 |     2 ||    24
         Potion            |     1 |       |     4 |     5 |     6 ||    16
 Armour: Scale mail        |    47 |     8 |       |       |       ||    55
         Ring mail         |       |    60 |   201 |   116 |    33 ||   410
  Dodge: Dodged            |    52 |   101 |   262 |   262 |    50 ||   727
         Repelled          |       |       |       |     2 |       ||     2
  Block: Buckler           |    28 |    48 |   220 |    25 |       ||   321
         Other             |       |       |       |   111 |    24 ||   135

Table legend: (Time is in decaauts)
 A = Elapsed time spent in this place.
 B = Non-inter-level travel time spent in this place.
 C = Inter-level travel time spent in this place.
 D = Time resting spent in this place.
 E = Time spent auto-exploring this place.
 F = Levels seen in this place.
 G = Mean time per level.
                   A        B        C        D        E       F      G
               +--------+--------+--------+--------+--------+-----+--------+
         Total |  14777 |  14777 |      0 |   2981 |      0 |  16 |  923.6 |
       Dungeon |   9615 |   9615 |      0 |   1652 |      0 |   9 | 1068.3 |
        Temple |     30 |     30 |      0 |      0 |      0 |   1 |   30.0 |
          Lair |   4668 |   4668 |      0 |   1297 |      0 |   5 |  933.6 |
       Ossuary |    462 |    462 |      0 |     32 |      0 |   1 |  462.0 |
               +--------+--------+--------+--------+--------+-----+--------+

Top non-repeatable levels by time:
     D:8: 1973 daAuts
  Lair:2: 1589 daAuts
     D:7: 1246 daAuts
     D:6: 1230 daAuts
     D:5: 1124 daAuts
  Lair:1: 1088 daAuts
  Lair:4: 999 daAuts
     D:4: 889 daAuts
     D:2: 878 daAuts
  Lair:3: 872 daAuts
     D:9: 850 daAuts
     D:1: 719 daAuts
     D:3: 702 daAuts
 Ossuary: 462 daAuts
  Lair:5: 117 daAuts
